 Dungeon Crawl Stone Soup version 0.22.0 (webtiles) character file.

467 Rystll the Chopper (level 6, 0/58 HPs)
             Began as a Deep Dwarf Berserker on Sept 4, 2018.
             Was a Priest of Trog.
             Slain by an ogre
             ... wielding a +0 giant club
              (11 damage)
             ... on level 4 of the Dungeon on Sept 20, 2018.
             The game lasted 00:21:34 (3231 turns).

Rystll the Chopper (Deep Dwarf Berserker)           Turns: 3231, Time: 00:21:35

Health: 0/58       AC: 10    Str: 22    XL:     6   Next: 81%
Magic:  2/2        EV:  9    Int:  7    God:    Trog [***...]
Gold:   172        SH:  0    Dex: 13    Spells: 5/5 levels left

rFire    . . .     SeeInvis .   y - +0 war axe
rCold    . . .     Gourm    .   (no shield)
rNeg     . . .     Faith    .   o - +0 chain mail
rPois    .         Spirit   .   e - +0 helmet
rElec    .         Reflect  .   (no cloak)
rCorr    .         Harm     .   (no gloves)
MR       .....                  (no boots)
Stlth    ..........             (no amulet)
HPRegen  0.00/turn              (no ring)
MPRegen  0.08/turn              (no ring)

@: non-regenerating
A: damage resistance, heal wounds, sense surroundings 1, no regeneration
a: Heal Wounds, Berserk, Trog's Hand, Renounce Religion


You were on level 4 of the Dungeon.
You worshipped Trog.
Trog was most pleased with you.
You were hungry.

You visited 1 branch of the dungeon, and saw 4 of its levels.

You collected 172 gold pieces.

Inventory:

Hand Weapons
 a - a +0 hand axe {COCK}
 j - a +0 whip
 t - a +0 trident
 y - a +0 war axe (weapon)
Missiles
 d - 123 stones
 i - 8 curare-tipped needles (quivered)
 k - 12 bolts
 u - 32 sling bullets
Armour
 b - a +0 animal skin
 e - a +0 helmet (worn)
 g - a +0 ring mail
 h - a +0 leather armour
 o - a +0 chain mail (worn)
Jewellery
 A - an uncursed amulet of magic regeneration {unknown}
Wands
 x - a wand of polymorph (10)
Scrolls
 f - a scroll of magic mapping
 m - a scroll of random uselessness {unknown}
 n - a scroll of fear {unknown}
 p - 5 scrolls of identify {unknown}
 q - 3 scrolls of remove curse {unknown}
 s - 3 scrolls of fog {unknown}
 v - a scroll of enchant armour {unknown}
 w - a scroll of teleportation {unknown}
Potions
 l - a potion of degeneration {unknown}
 r - a potion of curing {unknown}
 z - a potion of cancellation {unknown}
Comestibles
 c - 6 rations


   Skills:
 + Level 4.5 Fighting
 + Level 5.8 Axes
 + Level 4.2 Armour
 + Level 3.0 Dodging
 + Level 0.5 Stealth


You had 5 spell levels left.
You didn't know any spells.
Your spell library was empty.

Dungeon Overview and Level Annotations

Branches:
Dungeon (4/15)
 Temple: D:4-7

Altars:
Zin


Innate Abilities, Weirdness & Mutations

You are resistant to damage.
You can heal yourself by infusing magical energy.
You passively map a small area around you.
You do not regenerate.


Message History

Trog accepts your kill.
An ogre comes into view. It is wielding a giant club.
The ogre shouts!
The ogre hits you with a giant club!
You hit the ogre.
The ogre is lightly wounded.
The ogre hits you with a giant club!
* * * LOW HITPOINT WARNING * * *
You hit the ogre.
The ogre is lightly wounded.
The ogre hits you with a giant club.
* * * LOW HITPOINT WARNING * * *
You slash the ogre!
The ogre is heavily wounded.
The ogre hits you with a giant club.
* * * LOW HITPOINT WARNING * * *
You closely miss the ogre.
The ogre is heavily wounded.
The ogre hits you with a giant club!
You die...

,,#.# #.#,* *,*
,,#.########.#,### *,*
**#..........#,..# *,*
#.......,..#*#.# *,*
###......,,..###.#**,*
......#****#......,,,*
......######.###.#****
...............#O#
......######...#@#
############.###.#
#.........# #.#
####.........# #.#
..##.........# #.#
#.##########.# #.# #.#
#.# #.# #.# #.# #.#
#.# #.# #.#


You could see an ogre.

Vanquished Creatures
  An ogre (D:4)
  A hound (D:4)
  4 orc priests (D:4)
  An orc wizard (D:4)
  A worker ant (D:4)
  8 adders
  An ooze (D:2)
  2 dart slugs (D:1)
  2 worms
  2 leopard geckos (D:2)
  15 orcs
  4 giant cockroaches
  9 goblins
  8 hobgoblins
  9 jackals
  8 kobolds
  A ball python (D:2)
  3 bats
  5 frilled lizards
  6 rats
91 creatures vanquished.

Notes
Turn   | Place    | Note
-------+----------+-------------------------------------------
     0 | D:1      | Rystll the Deep Dwarf Berserker began the quest for the Orb.
     0 | D:1      | Reached XP level 1. HP: 20/20 MP: 1/1
   389 | D:1      | Reached XP level 2. HP: 25/27 MP: 2/2
   673 | D:1      | Reached XP level 3. HP: 29/34 MP: 3/3
   955 | D:1      | Reached ** piety under Trog
  1493 | D:2      | Reached skill level 4 in Axes
  1640 | D:2      | Reached XP level 4. HP: 38/42 MP: 3/3
  2477 | D:3      | Reached XP level 5. HP: 45/49 MP: 4/4
  2650 | D:4      | Reached *** piety under Trog
  2817 | D:4      | Reached XP level 6. HP: 46/58 MP: 2/2
  2913 | D:4      | Found a glowing silver altar of Zin.
  2942 | D:4      | Reached skill level 5 in Axes
  3231 | D:4      | Slain by an ogre

Skill      XL: |  1  2  3  4  5  6 |
---------------+-------------------+-----
Fighting       | 3 4 |  4.5
Axes           | 4 5 |  5.8
Armour         | 3 4 |  4.2
Dodging        | 3 |  3.0
Stealth        | |  0.5

Action                   |  1- 3 |  4- 6 || total
-------------------------+-------+-------++-------
Melee: Hand axe          |   111 |   127 ||   238
       War axe           |       |    66 ||    66
 Abil: Heal Wounds       |     1 |     7 ||     8
Evoke: Wand              |       |     1 ||     1
  Use: Scroll            |       |     2 ||     2
 Stab: Sleeping          |     1 |       ||     1
  Eat: Ration            |     1 |     1 ||     2
Armor: Ring mail         |    47 |       ||    47
       Animal skin       |     1 |       ||     1
       Chain mail        |    10 |   147 ||   157
Dodge: Dodged            |    80 |   119 ||   199
